Map: 블루시프트 - 래더

Players

Stats

  • Race: Protoss Protoss
  • League: Grandmaster
  • Spawn Location: 1:00

llllllllllll (Trap) - Winner!

  • Race: Protoss Protoss
  • League: Master
  • Spawn Location: 7:00

Event: IEM Season 13 - Katowice Server Qualifiers Asia 1

VOD

Have the link to the VOD?

Description

Time

  • Played on: Jan. 14, 2019, 5:22 a.m.
  • Length: 12:18

All games in this series

Show
View Real Time Build Order
Export as new Build Order

Stats Protoss 

Build Orders:  

Get SALT Encoding   

  12  0:00  Probe  
  13  0:12  Probe  
  14  0:17  Pylon  
  14  0:24  Probe  
  15  0:32  Probe  
  15  0:36  Gateway  
  15  0:40  Probe  
  16  0:46  Assimilator  
  17  0:51  Probe  
  17  0:54  Assimilator  
  18  0:59  Probe  
  19  1:07  Probe  
  19  1:10  Gateway  
  20  1:17  Probe  
  20  1:25  Cybernetics Core  
  21  1:29  Probe  
  22  1:32  Pylon  
  22  1:41  Probe  
  23  1:51  Warp Gate  
  23  1:53  Probe  
  24  2:01  Stalker x2  
  28  2:08  Pylon  
  28  2:31  Stalker x2  
  32  2:37  Gateway  
  32  2:45  Robotics Facility  
  32  3:01  Stalker  
  32  3:03  Stalker  
  30  3:15  Probe  
  30  3:23  Probe  
  30  3:31  Probe  
  30  3:33  Shield Battery  
  32  3:42  Probe  
  32  3:46  Pylon  
  33  3:54  Probe, Stalker  
  33  3:55  Observer  
  37  4:05  Stalker  
  37  4:08  Probe  
  39  4:16  Stalker  
  41  4:19  Warp Prism  
  43  4:39  Pylon  
  43  4:45  Pylon  
  43  4:56  Probe  
  43  4:59  Sentry x3  
  50  5:30  Nexus  
  50  5:31  Observer, Pylon  
  50  5:33  Probe  
  51  5:42  Immortal  
  52  5:50  Probe  
  56  6:02  Probe  
  57  6:14  Immortal  
  57  6:16  Probe  
  62  6:30  Probe  
  63  6:35  Observer  
  63  6:36  Pylon  
  63  6:44  Probe x2  
  65  6:48  Immortal  
  65  6:50  Forge  
  68  7:08  Sentry x2, Stalker  
  72  7:11  Protoss Ground Weapons Level 1  
  72  7:14  Shield Battery  
  74  7:16  Shield Battery  
  74  7:24  Gateway  
  74  7:27  Shield Battery  
  74  7:39  Immortal  
  78  7:46  Probe x2  
  81  7:58  Probe x2  
  80  8:12  Zealot x3  
  86  8:15  Twilight Council  
  86  8:17  Pylon  
  86  8:30  Assimilator x2  
  86  8:31  Pylon  
  86  8:35  Probe x2  
  86  8:39  Protoss Ground Weapons Level 2  
  87  8:47  Probe x2  
  87  8:54  Charge  
  87  8:55  Templar Archives  
  87  8:59  Probe x2  
  89  9:11  Probe  
  90  9:19  Gateway  
  90  9:20  Gateway  
  90  9:29  Gateway  
  90  9:31  Phoenix  
  90  9:33  Gateway  
  90  9:37  Immortal  
  94  9:53  Stargate  
  94  9:55  High Templar x2  
  94  9:59  Archon  
  98  10:16  Zealot x2  
  102  10:28  Pylon  
  102  10:31  Pylon  
  102  10:32  Pylon  
  102  10:34  Pylon  
  102  10:38  Phoenix  
  102  10:47  Observer  
  105  10:51  High Templar x2  
  105  10:54  Zealot x2  
  105  10:55  Archon, Phoenix, Zealot x2  
  119  11:14  Zealot x2  
  122  11:29  Phoenix  
  124  11:36  High Templar x2  
  128  11:40  Archon  
  112  11:49  Zealot x2  
  112  11:50  Zealot x2  
  112  11:51  Zealot x2  
  50  12:10  Zealot x5  
  50  12:15  Zealot x2  
Show
View Real Time Build Order
Export as new Build Order

llllllllllll Protoss - Winner!

Build Orders: Oracle Opening 

Get SALT Encoding   

  12  0:00  Probe  
  13  0:12  Probe  
  14  0:18  Pylon  
  14  0:24  Probe  
  15  0:32  Probe  
  15  0:38  Gateway  
  15  0:40  Probe  
  17  0:50  Probe  
  17  0:54  Assimilator  
  18  0:58  Probe, Assimilator  
  19  1:06  Probe  
  19  1:09  Gateway  
  20  1:17  Probe  
  21  1:26  Cybernetics Core  
  21  1:29  Probe  
  21  1:32  Pylon  
  22  1:41  Probe  
  23  1:53  Probe  
  24  2:03  Adept x2, Warp Gate  
  28  2:12  Pylon  
  28  2:19  Stargate  
  28  2:30  Adept x2  
  32  2:57  Oracle, Adept x2  
  35  3:21  Robotics Facility  
  35  3:23  Pylon  
  35  3:31  Shield Battery  
  35  3:36  Oracle  
  35  3:45  Shield Battery  
  38  3:50  Gateway  
  38  3:52  Pylon  
  38  4:00  Immortal  
  42  4:19  Stalker  
  42  4:22  Pylon  
  44  4:27  Stalker  
  46  4:40  Warp Prism  
  48  4:48  Stalker  
  50  5:12  Nexus  
  50  5:16  Immortal  
  54  5:34  Pylon  
  54  5:38  Probe  
  51  5:51  Stalker  
  51  5:57  Stalker  
  55  5:58  Sentry  
  55  6:03  Observer  
  58  6:05  Probe  
  59  6:15  Immortal  
  63  6:26  Probe  
  63  6:28  Probe  
  64  6:36  Probe  
  64  6:37  Phoenix  
  66  6:44  Probe  
  68  6:47  Probe  
  69  6:56  Probe  
  69  6:59  Probe  
  71  7:08  Probe  
  72  7:11  Probe  
  72  7:15  Robotics Bay  
  73  7:20  Probe  
  73  7:22  Pylon  
  74  7:23  Probe  
  74  7:28  Pylon  
  75  7:31  Immortal  
  75  7:32  Probe  
  75  7:35  Probe  
  81  7:44  Probe  
  81  7:48  Probe, Assimilator  
  83  7:54  Sentry  
  83  7:56  Probe, Shield Battery  
  86  7:59  Disruptor  
  86  8:09  Probe x2  
  91  8:15  Assimilator  
  91  8:21  Twilight Council  
  91  8:23  Pylon  
  91  8:25  Pylon  
  91  8:32  Probe  
  91  8:33  Probe  
  93  8:38  Resonating Glaives  
  93  8:41  Disruptor  
  93  8:50  Robotics Facility  
  93  9:02  Gateway  
  93  9:03  Gateway  
  93  9:05  Gateway  
  93  9:08  Gateway  
  93  9:13  Disruptor  
  93  9:15  Observer, Pylon  
  93  9:22  Adept x3  
  102  9:30  Pylon  
  102  9:32  Pylon  
  102  9:42  Disruptor  
  102  9:48  Adept x3  
  111  9:59  Adept x3  
  117  10:05  Observer, Pylon  
  117  10:21  Adept x5  
  117  10:23  Disruptor  
  127  10:29  Sentry  
  127  10:30  Adept  
  134  10:52  Adept x4  
  142  10:59  Pylon  
  139  11:25  Adept x3  
  139  11:26  Adept x2  
  139  11:30  Pylon  
  139  11:32  Pylon  
  143  11:53  Adept x7  
  95  12:16  Stalker x5  

Tags
 
Add a new tag
Caveats
  • Supply blocks, unpowered buildings, or Contaminate may cause inaccurate times.
  • Supply counts are checked every 10 seconds.